 Dungeon Crawl Stone Soup version 0.21.1-1-g345015fe64 (console) character file.

43176 Kloppie the Spry (level 14, -7/110 HPs)
             Began as a Merfolk Berserker on Mar 2, 2018.
             Was a High Priest of Trog.
             Mangled by a white ugly thing (22 damage)
             ... in an ice cave.
             The game lasted 00:31:09 (19973 turns).

Kloppie the Spry (Merfolk Berserker)               Turns: 19973, Time: 00:31:09

Health: -7/110     AC: 14    Str: 19    XL:     14   Next: 23%
Magic:  14/14      EV: 23    Int:  9    God:    Trog [*****.]
Gold:   1218       SH: 14    Dex: 21    Spells: 13/13 levels left

rFire    . . .     SeeInvis .   a - +5 demon trident (elec)
rCold    . . .     Gourm    .   e - +0 shield {rPois}
rNeg     . . .     Faith    .   m - +2 ring mail of Lucidity {rElec Dex+4}
rPois    +         Spirit   .   H - +1 helmet {Int+3}
rElec    +         Reflect  .   v - +1 cloak
rCorr    .         Harm     .   (no gloves)
MR       +....                  o - +0 pair of boots
Stlth    ++........             s - amulet of regeneration
HPRegen  0.68/turn              E - ring of stealth
MPRegen  0.14/turn              b - ring of poison resistance

@: berserk cooldown, slowed, very slow
A: change form in water, swift swim, stealthy swim
a: Berserk, Trog's Hand, Brothers in Arms, Burn Spellbooks, Renounce Religion


You were in an ice cave.
You worshipped Trog.
Trog was extremely pleased with you.
You were not hungry.

You visited 2 branches of the dungeon, and saw 19 of its levels.
You also visited: Sewer and Ice Cave.

You collected 1218 gold pieces.

Inventory:

Hand Weapons
 a - a +5 demon trident of electrocution (weapon)
 F - a +3 trident
Armour
 e - a +0 shield of poison resistance (worn)
 m - the +2 ring mail of Lucidity (worn) {rElec Dex+4}
   (You found it on level 5 of the Lair of Beasts)

   It affects your dexterity (+4).
   It insulates you from electricity.
 o - a +0 pair of boots (worn)
 v - a +1 cloak (worn)
 H - a +1 helmet of intelligence (worn)
Jewellery
 b - a ring of poison resistance (right hand)
 n - a +2 ring of intelligence
 s - an amulet of regeneration (around neck)
 E - a ring of stealth (left hand)
Wands
 l - a wand of acid (8)
 u - a wand of polymorph (12)
 G - a wand of paralysis (8)
Scrolls
 h - 3 scrolls of blinking
 i - 2 scrolls of fog
 q - 6 scrolls of remove curse
 w - 10 scrolls of teleportation
 y - 2 scrolls of fear
 z - 6 scrolls of identify
Potions
 d - 3 potions of invisibility
 f - 2 potions of agility
 g - 4 potions of flight
 j - 4 potions of might
 k - 3 potions of curing
 p - 2 potions of brilliance
 t - 4 potions of lignification
 x - a potion of mutation
 B - 2 potions of haste
 C - a potion of resistance
Comestibles
 c - 35 rations
 A - 4 chunks of flesh


   Skills:
 - Level 10.0 Fighting
 - Level 14.0 Polearms
 + Level 7.2 Armour
 - Level 15.0 Dodging
 + Level 13.9 Shields


You had 13 spell levels left.
You didn't know any spells.

Dungeon Overview and Level Annotations

Branches:
Dungeon (13/15)            Temple (0/1) D:4            Lair (6/6) D:9
  Swamp (0/4) Lair:4        Snake (0/4) Lair:3        Slime (0/5) Lair:6
    Orc (0/2) D:9          Vaults (0/5) D:13

Altars:
Ashenzari
Dithmenos
Elyvilon
Gozag
Okawaru
Qazlal
Ru
Sif Muna
Vehumet
Wu Jian
Xom
Yredelemnul
Zin
Jiyva

Shops:
D:7 [?

Annotations:
D:4 2 transporters, Atelerd's ghost, amateur DrCj


Message History

The white ugly thing is engulfed in freezing vapours.
You block the white ugly thing's attack.
You block the ice beast's attack. The ice beast misses you.
The ice beast completely misses you.
The white ugly thing is engulfed in freezing vapours.
The white ugly thing barely misses you.
You puncture the ice statue!
The ice statue is almost destroyed.
The ice beast barely misses you. You block the ice beast's attack.
The white ugly thing is engulfed in freezing vapours.
You block the white ugly thing's attack.
The ice beast completely misses you.
You hit the ice statue.
You destroy the ice statue!
Trog accepts your kill.
The ice beast disappears in a puff of smoke! x3
The white ugly thing pecks you!
* * * LOW HITPOINT WARNING * * *
The white ugly thing freezes you!!
You die...

###########
##...?.!...##
#...8.".8...#
##....§§?....##
#....§@u......#
#.....§§......#
#....§........#
##...........##
#...........#
#.....©.....#
##.........##
##...∩...##
##.....##


You could see a white ugly thing.

Vanquished Creatures
  Nessos (D:12)
  3 hydras
  The ghost of topfpfpflanze the Thaumaturge, a journeyman DEFE of Vehumet (D:11)
  2 dancing weapons (D:13)
  2 two-headed ogres
  3 skeletal warriors (D:12)
  An orc knight (D:12)
  A deep elf mage (D:12)
  2 cyclopes
  4 ugly things
  6 elephants (Lair:4)
  A centaur zombie (D:9)
  2 ice statues (IceCv)
  6 black mambas
  6 spiny frogs
  A centaur skeleton (D:12)
  3 komodo dragons
  An efreet (D:13)
  3 trolls (D:13)
  A queen bee (D:9)
  A hornet (D:12)
  5 hippogriffs
  19 blink frogs
  A meliai zombie (D:13)
  Sigmund (D:3)
  24 yaks
  A wyvern (D:11)
  A steam dragon (D:11)
  A hungry ghost (D:12)
  2 wargs
  16 water moccasins
  An acid dragon (D:11)
  9 porcupines
  15 ice beasts
  15 orc warriors
  3 necrophages
  An eye of draining (D:12)
  4 phantoms
  3 black bears
  A sky beast (D:11)
  7 ogres
  12 wolves
  6 centaurs
  9 crocodiles
  20 bullfrogs
  A wyvern zombie (D:7)
  A water moccasin zombie (D:8)
  4 scorpions
  2 wyvern skeletons
  25 killer bees
  7 wights
  8 electric eels
  5 jellies
  4 crimson imps
  3 bullfrog zombies
  A quasit (D:9)
  6 hounds
  9 orc priests
  2 bullfrog skeletons
  10 orc wizards
  2 iguanas
  Natasha (thrice) (D:3)
  15 worker ants
  A killer bee zombie (D:4)
  2 hound zombies
  A hound skeleton (D:9)
  2 worker ant zombies
  23 adders
  7 gnolls
  2 howler monkey skeletons
  2 shadow imps
  An adder zombie (D:6)
  2 worms (D:2)
  3 dart slugs
  11 leopard geckos
  72 orcs
  5 bats
  13 giant cockroaches
  6 goblins
  11 hobgoblins
  14 jackals
  A quokka (D:4)
  4 ball pythons
  6 frilled lizards
  A jackal skeleton (D:6)
  10 kobolds
  A leopard gecko skeleton (D:7)
  2 quokka zombies
  8 rats
547 creatures vanquished.

Vanquished Creatures (others)
  A water elemental (D:12)
  2 fungi
3 creatures vanquished.

Grand Total: 550 creatures vanquished

Notes
Turn   | Place    | Note
-------+----------+-------------------------------------------
     0 | D:1      | Kloppie the Merfolk Berserker began the quest for the Orb.
     0 | D:1      | Reached XP level 1. HP: 18/18 MP: 1/1
    36 | D:1      | Reached skill level 5 in Polearms
    38 | D:1      | Reached XP level 2. HP: 24/24 MP: 2/2
   316 | D:1      | You fall through a shaft!
   582 | D:2      | Reached XP level 3. HP: 28/29 MP: 3/3
   805 | D:2      | Reached ** piety under Trog
  1757 | D:2      | Reached XP level 4. HP: 35/35 MP: 4/4
  2042 | D:3      | Noticed Natasha
  2062 | D:3      | Killed Natasha
  2330 | D:3      | Found a white marble altar of Elyvilon.
  2366 | D:3      | Noticed Natasha
  2376 | D:3      | Killed Natasha
  2376 | D:3      | Reached XP level 5. HP: 10/41 MP: 5/5
  2726 | D:3      | Noticed Sigmund
  2755 | D:3      | Killed Sigmund
  2755 | D:3      | Reached XP level 6. HP: 47/47 MP: 6/6
  2854 | D:3      | Noticed Natasha
  2868 | D:3      | Reached skill level 10 in Polearms
  2877 | D:3      | Killed Natasha
  3090 | D:3      | Found an iron altar of Okawaru.
  3167 | D:4      | Found a staircase to the Ecumenical Temple.
  3183 | D:4      | Reached XP level 7. HP: 42/52 MP: 7/7
  3483 | D:4      | Got a heavily runed ring mail
  3537 | D:4      | Found a sacrificial altar of Ru.
  3557 | D:4      | Noticed a hungry ghost
  3557 | D:4      | Noticed Atelerd's ghost (amateur DrCj)
  3560 | D:4      | Found a transporter.
  3589 | D:4      | Found a transporter.
  3907 | D:5      | Entered Level 5 of the Dungeon
  3935 | D:5      | Reached *** piety under Trog
  3946 | D:5      | Found an ornate altar of the Wu Jian Council.
  3947 | D:5      | Found a basalt altar of Yredelemnul.
  3949 | D:5      | Found a stormy altar of Qazlal.
  4176 | D:5      | Found a glowing silver altar of Zin.
  4176 | D:5      | Found a deep blue altar of Sif Muna.
  4202 | D:5      | Found a radiant altar of Vehumet.
  4226 | D:5      | Found a shimmering altar of Xom.
  4228 | D:5      | Found a shattered altar of Ashenzari.
  4230 | D:5      | Found an opulent altar of Gozag.
  4231 | D:5      | Found a shadowy altar of Dithmenos.
  4763 | D:6      | Reached XP level 8. HP: 46/58 MP: 8/8
  5067 | D:6      | Found a glowing drain.
  5087 | D:6      | Reached skill level 3 in Dodging
  5101 | Sewer    | Entered a sewer
  5159 | Sewer    | Received a gift from Trog
  5219 | Sewer    | Reached skill level 4 in Dodging
  5373 | D:6      | Identified the +4 ring mail "Mozaotyck" {Dex+6} (You found it on level 4 of the Dungeon)
  5778 | D:7      | Found Dentep's Armour Emporium.
  5791 | D:7      | Reached skill level 5 in Dodging
  5803 | D:7      | Reached skill level 5 in Fighting
  5803 | D:7      | Reached XP level 9. HP: 57/68 MP: 9/9
  5811 | D:7      | Reached **** piety under Trog
  5833 | D:7      | Identified a scroll of acquirement
  5906 | D:7      | Reached skill level 6 in Dodging
  6441 | D:7      | Found Qoetiteu's Magic Scroll Emporium.
  6505 | D:7      | Found Vopuavam's Book Shoppe.
  6515 | D:7      | Reached skill level 7 in Dodging
  6607 | D:8      | Noticed a two-headed ogre
  6621 | D:8      | Killed a two-headed ogre
  6621 | D:8      | Reached skill level 8 in Dodging
  7191 | D:8      | Reached skill level 9 in Dodging
  7503 | D:9      | Reached XP level 10. HP: 80/80 MP: 10/10
  7541 | D:8      | Reached skill level 10 in Dodging
  7753 | D:9      | Found a staircase to the Lair.
  8177 | D:9      | Reached skill level 10 in Fighting
  8228 | D:9      | Reached skill level 1 in Shields
  8234 | Lair:1   | Entered Level 1 of the Lair of Beasts
  8820 | Lair:1   | Reached ***** piety under Trog
  8833 | Lair:1   | Reached skill level 5 in Shields
  8954 | Lair:1   | Received a gift from Trog
  8954 | Lair:1   | Reached XP level 11. HP: 81/90 MP: 11/11
 10041 | Lair:2   | Noticed a five-headed hydra
 10067 | Lair:2   | Killed a five-headed hydra
 10612 | Lair:2   | Reached skill level 10 in Shields
 11322 | Lair:3   | Found a staircase to the Snake Pit.
 11738 | Lair:3   | Reached XP level 12. HP: 39/97 MP: 12/12
 11768 | Lair:3   | Received a gift from Trog
 11801 | Lair:3   | Reached skill level 11 in Dodging
 11946 | Lair:3   | Reached skill level 12 in Dodging
 12446 | Lair:4   | Found a staircase to the Swamp.
 12602 | Lair:4   | Reached skill level 13 in Dodging
 12879 | Lair:4   | Reached skill level 14 in Dodging
 13802 | Lair:5   | Reached skill level 15 in Dodging
 14235 | Lair:5   | Got an ancient ring mail
 14246 | Lair:5   | Identified the +2 ring mail of Lucidity {rElec Dex+4} (You found it on level 5 of the Lair of Beasts)
 15156 | D:9      | Reached XP level 13. HP: 99/103 MP: 13/13
 15724 | D:9      | Found a staircase to the Orcish Mines.
 15971 | D:9      | Received a gift from Trog
 16184 | D:10     | Entered Level 10 of the Dungeon
 16880 | D:11     | Noticed topfpfpflanze's ghost (journeyman DEFE)
 16908 | D:11     | Killed topfpfpflanze's ghost
 17737 | D:12     | Noticed Nessos
 17759 | D:12     | Killed Nessos
 17759 | D:12     | Reached skill level 5 in Armour
 18593 | D:12     | Received a gift from Trog
 19242 | D:13     | Found a gate to the Vaults.
 19264 | D:13     | Reached XP level 14. HP: 90/110 MP: 14/14
 19773 | Lair:6   | Entered Level 6 of the Lair of Beasts
 19841 | Lair:6   | Found a staircase to the Slime Pits.
 19841 | Lair:6   | Found a viscous altar of Jiyva.
 19852 | Lair:6   | Found a frozen archway.
 19888 | IceCv    | Entered an ice cave
 19889 | IceCv    | Found a transporter.
 19973 | IceCv    | Mangled by a white ugly thing

Skill      XL: |  1  2  3  4  5  6  7  8  9 10 11 12 13 14 |
---------------+-------------------------------------------+-----
Polearms       | 5 6 7 8 9 11 12 14 | 14.0
Dodging        | 5 9 10 15 | 15.0
Fighting       | 5 8 10 | 10.0
Shields        | 6 11 13 | 13.9
Armour         | 2 6 7 |  7.2

Action                   |  1- 3 |  4- 6 |  7- 9 | 10-12 | 13-15 || total
-------------------------+-------+-------+-------+-------+-------++-------
Melee: Spear             |   135 |       |       |       |       ||   135
       Trident           |     2 |   122 |   462 |  1076 |   135 ||  1797
       Tailslap          |       |       |     1 |     4 |     2 ||     7
       Demon trident     |       |       |       |       |   634 ||   634
Invok: Berserk           |     4 |     3 |     3 |     3 |     1 ||    14
       Trog's Hand       |       |       |     2 |     4 |     2 ||     8
       Brothers in Arms  |       |       |       |       |     1 ||     1
  Use: Scroll            |       |     7 |    14 |     6 |     6 ||    33
       Potion            |       |       |       |     1 |     4 ||     5
 Stab: Sleeping          |     3 |     1 |     3 |     2 |     5 ||    14
       Distracted        |       |       |     2 |     2 |       ||     4
  Eat: Chunk             |     5 |     5 |    10 |    27 |    14 ||    61
       Ration            |       |     1 |     2 |     1 |     2 ||     6
Armor: Animal skin       |    10 |       |       |       |       ||    10
       Ring mail         |    11 |       |    26 |   146 |    60 ||   243
       Steam dragon scal |       |    13 |    36 |       |       ||    49
Dodge: Dodged            |    57 |    46 |   181 |   506 |   290 ||  1080
Block: Shield            |       |       |       |   356 |   312 ||   668
